 Dungeon Crawl Stone Soup version 0.29.1-13-g9f3cf754e1 (webtiles) character file.

Game seed: 213416244069721446

58 Thatpatchoflichen the Trooper (level 3, -1/29 HPs)
             Began as a Demonspawn Fighter on Feb 3, 2023.
             Slain by a quokka (4 damage)
             ... on level 2 of the Dungeon.
             The game lasted 00:02:33 (1187 turns).

Thatpatchoflichen the Trooper (Demonspawn Fighter)  Turns: 1187, Time: 00:02:33

Health: -1/29      AC:  6    Str: 16    XL:     3   Next: 76%
Magic:  3/3        EV:  8    Int:  9    God:
Gold:   92         SH:  5    Dex: 14    Spells: 2/2 levels left

rFire   . . .      SeeInvis .   a - +0 long sword
rCold   . . .      Faith    .   c - +0 buckler
rNeg    . . .      Spirit   .   b - +0 scale mail
rPois   .          Reflect  .   (no helmet)
rElec   .          Harm     +   i - scarf {harm}
rCorr   .          Rampage  .   (no gloves)
Will    .....                   (no boots)
Stlth   ..........              (no amulet)
HPRegen 0.09/turn               (no ring)
MPRegen 0.16/turn               (no ring)

@: no status effects
A: hooves 1, magic regeneration
a: no special abilities


You were on level 2 of the Dungeon.
You visited 1 branch of the dungeon, and saw 2 of its levels.

You collected 92 gold pieces.

Inventory:

Hand Weapons
 a - a +0 long sword (weapon)
Missiles
 k - 3 poisoned darts (quivered)
Armour
 b - a +0 scale mail (worn)
 c - a +0 buckler (worn)
 i - a scarf of harm (worn)
Jewellery
 f - a ring of fire
Scrolls
 g - 2 scrolls of vulnerability {unknown}
 j - a scroll of enchant weapon {unknown}
 l - a scroll of identify {unknown}
Potions
 d - 2 potions of might
 e - a potion of cancellation {unknown}
 h - 2 potions of flight {unknown}


   Skills:
 + Level 3.4 Fighting
 + Level 2.4 Long Blades
 + Level 3.2 Armour
 + Level 3.2 Shields


You had 2 spell levels left.
You didn't know any spells.
Your spell library contained the following spells:

 Spells                   Type           Power      Damage    Failure   Level
 Foxfire                  Conj/Fire      0%         2x1d4     88%         1
 Conjure Flame            Conj/Fire      0%         6-21      99%         3
 Gell's Gravitas          Tloc           0%         N/A       99%         3
 Inner Flame              Hex/Fire       0%         N/A       99%         3
 Teleport Other           Tloc           0%         N/A       99%         3
 Flame Wave               Conj/Fire      0%         2d4       100%        4
 Dispersal                Tloc           0%         N/A       100%        6


Dungeon Overview and Level Annotations

Branches:
Dungeon (2/15)

Altars:


Innate Abilities, Weirdness & Mutations

You have large cloven feet.
You regenerate magic rapidly.


Message History

The worm bites you.
You hit the worm. You kick the worm.
The worm is severely wounded.
The worm closely misses you.
You barely miss the worm.
The worm is heavily wounded.
You slash the worm!
You kill the worm!
The goblin shoots a sling bullet.
The sling bullet barely misses you.
You slash the worm!
The worm is heavily wounded.
The worm bites you!
* * * LOW HITPOINT WARNING * * *
A quokka comes into view.
You hit the worm. Your kick misses the worm.
The worm is heavily wounded.
The worm bites you but does no damage.
You hit the worm. You kick the worm.
The worm is severely wounded.
You hit the worm.
You kill the worm!
The goblin shoots a sling bullet.
You block the sling bullet.
The quokka twitches its whiskers.
You block the rat's attack.
The goblin unwields a +0 sling.
The goblin wields a +0 hand axe.
The goblin hits you with a +0 hand axe.
* * * LOW HITPOINT WARNING * * *
The quokka closely misses you.
There is an open door, spattered with blood here.
Items here: )) †††††.
You hit the goblin.
You kill the goblin!
The rat bites you.
* * * LOW HITPOINT WARNING * * *
The quokka completely misses you. The rat bites you but does no damage.
Found a dagger and a scroll labelled MESENT DOEQIW.
Found a stone staircase leading down.
The quokka bites you.
* * * LOW HITPOINT WARNING * * *
You block the worm's attack. The rat bites you but does no damage.
The quokka bites you.
You die...

.$!.#. .!!.#.###
........# ).......#
........# ..:.....#
.......r################
......w@))..............
.......r################
......... ..........
........... ..........?.
........>....
.......#+#####


You could see a worm, a quokka and a rat.

Vanquished Creatures
  2 worms (D:2)
  3 dart slugs (D:1)
  7 endoplasms
  3 giant cockroaches
  7 goblins
  3 hobgoblins (D:1)
  A kobold (D:1)
  2 quokkas
  3 ball pythons (D:1)
  6 bats
  5 frilled lizards
  3 rats
45 creatures vanquished.

Vanquished Creatures (others)
  A fungus (D:1)
  2 plants (D:1)
3 creatures vanquished.

Grand Total: 48 creatures vanquished

Notes
Turn   | Place    | Note
-------+----------+-------------------------------------------
     0 | D:1      | Thatpatchoflichen the Demonspawn Fighter began the quest
                  | for the Orb.
     0 | D:1      | Reached XP level 1. HP: 18/18 MP: 1/1
    98 | D:1      | Gained mutation: You have large cloven feet. [demonic
                  | ancestry]
    98 | D:1      | Reached XP level 2. HP: 17/24 MP: 2/2
   722 | D:1      | Gained mutation: You regenerate magic rapidly. [demonic
                  | ancestry]
   722 | D:1      | Reached XP level 3. HP: 27/29 MP: 3/3
  1041 | D:1      | Found a faded altar of an unknown god.
  1187 | D:2      | Slain by a quokka

Illustrated notes

Levels and vault maps discovered:
D:1:      minmay_arrival_wavy_path, layout_basic,
          shapermc_ecumenical_altar_petra, minmay_pentomino_v2
D:2:      minmay_door_path, layout_basic, minmay_guardbox, uniq_natasha

Skill      XL: |  1  2 |
---------------+-------+-----
Long Blades    | 2 |  2.4
Shields        | 3 |  3.2
Armour         | 3 |  3.2
Fighting       | |  3.4

Action                   || total
-------------------------++-------
Melee: Long sword        ||   101
       Kick              ||    20
Armor: Scale mail        ||    60
Dodge: Dodged            ||    34
Block: Buckler           ||    20
